 Dungeon Crawl Stone Soup version 0.19-a0-1457-g32fba05 (webtiles) character file.

268 4thArraOfDagon the Ruffian (level 6, -13/57 HPs)
             Began as a Troll Ice Elementalist on Sept 6, 2016.
             Was a Follower of Cheibriados.
             Mangled by an iguana (14 damage)
             ... on level 3 of the Dungeon.
             The game lasted 00:04:00 (688 turns).

4thArraOfDagon the Ruffian (Troll Ice Elementalist)  Turns: 688, Time: 00:04:01

Health: -13/57     AC:  5    Str: 19 (20) XL:     6   Next: 1%
Magic:  3/6        EV: 10    Int: 15 (16) God:    Cheibriados [*.....]
Gold:   81         SH:  0    Dex: 10 (13) Spells: 1 memorised, 6 levels left

rFire  . . .     SeeInvis .       - Unarmed
rCold  . . .     Gourm    +     a - +0 robe
rNeg   . . .     Faith    .     (no shield)
rPois  .         Spirit   .     (helmet restricted)
rElec  .         Dismiss  .     (no cloak)
rCorr  .         Reflect  .     (gloves unavailable)
MR     .....     Harm     .     (boots unavailable)
Stlth  +.........               (no amulet)
                                (no ring)
                                i - +3 ring of slaying

@: very slow
A: unfitting armour, claws 3, fast metabolism 3, gourmand, regeneration 1,
shaggy fur 1, tough skin 2
a: Bend Time, Renounce Religion


You were on level 3 of the Dungeon.
You worshipped Cheibriados.
Cheibriados was aware of your devotion.
You were completely stuffed.

You visited 1 branch of the dungeon, and saw 4 of its levels.

You collected 81 gold pieces.

Inventory:

Hand Weapons
 j - the +4 mace "Ziliky" {crush, *Rage +Blink Str+3 Dex+5, unknown}
   (You found it on level 4 of the Dungeon)

   It inflicts extra damage upon your enemies.
   It affects your strength (+3).
   It affects your dexterity (+5).
   It lets you blink.
   It may make you go berserk in combat.
Armour
 a - a +0 robe (worn)
Jewellery
 i - a +3 ring of slaying (left claw)
Scrolls
 d - a scroll of remove curse {unknown}
 e - a scroll of fog {unknown}
 f - 3 scrolls of identify {unknown}
 h - a scroll of teleportation {unknown}
Books
 b - a book of Frost

   Spells                             Type                      Level
   a - Freeze                         Ice                          1
   b - Throw Frost                    Conjuration/Ice              2
   c - Ozocubu's Armour               Charms/Ice                   3
   d - Throw Icicle                   Conjuration/Ice              4
   e - Summon Ice Beast               Ice/Summoning                4
Comestibles
 c - 3 bread rations


   Skills:
 + Level 1.7 Fighting
 + Level 2.3 Dodging
 - Level 1.1 Stealth
 * Level 4.1 Unarmed Combat
 - Level 1.2 Spellcasting
   Level 0.6 Conjurations
 - Level 2.1 Ice Magic
 + Level 2.0 Invocations


You had 6 spell levels left.
You knew the following spells:

 Your Spells              Type           Power        Failure   Level  Hunger
a - Freeze                Ice            #...         12%         1    ##.....


Dungeon Overview and Level Annotations

Branches:
Dungeon (4/15)
 Temple: D:4-7

Altars:
Cheibriados
Kikubaaqudgha
Xom
The Shining One


Innate Abilities, Weirdness & Mutations

You are too large for most types of armour.
You have claws for hands.
Your metabolism is lightning-fast.
You like to eat raw meat.
Your natural rate of healing is unusually fast.
You are covered in fur. (AC +1)
You have very tough skin. (AC +2)


Message History

The iguana bites you!
The orc wizard points at you and mumbles some strange words.
The puff of flame hits you!
* * * LOW HITPOINT WARNING * * *
You climb upwards.
There is a stone staircase leading down, spattered with blood here.
Unknown command.
Unknown command.
The flow of time bends around you.
The iguana resists with some effort.
You feel slightly less full. The iguana barely misses you.
Unknown command.
You barely miss the iguana. The iguana bites you!
* * * LOW HITPOINT WARNING * * *
Unknown command.
Unknown command.
Unknown command.
You claw the iguana!
The iguana is severely wounded.
The iguana bites you!
You die...

#.. #.#
#.# #.#
#.# ##b##
#####
###@###
#8l..8#
##.....##
#8[....8#
##.....##
#8...8#
##.....##
#8.....8#
##.....##


You could see an iguana and a bat.

Vanquished Creatures
  2 vampire bats (D:4)
  An orc wizard (D:3)
  An iguana (D:3)
  3 worker ants (D:4)
  An adder (D:2)
  An ooze (D:2)
  2 dart slugs (D:3)
  A giant gecko (D:3)
  An orc (D:4)
  2 bat skeletons (D:4)
  5 bat zombies (D:4)
  3 goblins
  5 hobgoblins
  4 jackals (D:2)
  2 kobolds
  3 quokkas
  3 bats (D:3)
  6 rats
46 creatures vanquished.

Notes
Turn   | Place    | Note
-------+----------+-------------------------------------------
     0 | D:1      | 4thArraOfDagon the Troll Ice Elementalist began the quest for the Orb.
     0 | D:1      | Reached XP level 1. HP: 16/16 MP: 1/1
    32 | D:1      | Reached skill level 1 in Unarmed Combat
    47 | D:2      | Found a snail-covered altar of Cheibriados.
    55 | D:2      | Became a worshipper of Cheibriados the Contemplative
   118 | D:2      | Reached XP level 2. HP: 24/24 MP: 2/2
   150 | D:2      | Reached skill level 2 in Unarmed Combat
   337 | D:3      | Reached XP level 3. HP: 23/31 MP: 3/3
   429 | D:3      | Reached * piety under Cheibriados
   470 | D:2      | Reached skill level 1 in Invocations
   501 | D:4      | Reached skill level 3 in Unarmed Combat
   501 | D:4      | Reached XP level 4. HP: 38/40 MP: 4/4
   542 | D:4      | Found an ancient bone altar of Kikubaaqudgha.
   553 | D:4      | Reached skill level 1 in Fighting
   566 | D:4      | Reached XP level 5. HP: 46/48 MP: 5/5
   601 | D:4      | Found a shimmering altar of Xom.
   602 | D:4      | Found a shimmering altar of Xom.
   603 | D:4      | Found a shimmering altar of Xom.
   622 | D:4      | Got an ichor-stained mace
   649 | D:3      | Reached skill level 4 in Unarmed Combat
   655 | D:3      | Reached XP level 6. HP: 13/57 MP: 6/6
   656 | D:3      | Found a glowing golden altar of the Shining One.
   687 | D:3      | HP: 1/57 [iguana (9)]
   688 | D:3      | Mangled by an iguana

Vault maps used:
D:1:      lightli_arrival_flooded_house, minmay_misc_feat_diagonals
D:2:      lemuel_doored_altar, cheibriados_altar_1
D:3:      lemuel_crystal_altar, old_standard_altar,
          nicolae_overflow_hidden_temple, ecumenical_altar_2, first_bread,
          grunt_ministairs_3, serial_park_tiny_2, grunt_decor_fettered
D:4:      minmay_opposing_rooms, kennysheep_vampire_church, demons_altar,
          xom_redecorated

Skill      XL: |  1  2  3  4  5 |
---------------+----------------+-----
Unarmed Combat | 1 2 3 4 |  4.1
Invocations    | 1 2 |  2.0
Fighting       | 1 |  1.7
Dodging        | 2 |  2.3
Stealth        | |  1.1
Spellcasting   | |  1.2
Conjurations   | |  0.6
Ice Magic      | |  2.1

Action                   |  1- 3 |  4- 6 || total
-------------------------+-------+-------++-------
Melee: Unarmed           |    95 |    53 ||   148
Invok: Bend Time         |       |     1 ||     1
  Use: Potion            |       |     1 ||     1
  Eat: Chunk             |     8 |     4 ||    12
Armor: Robe              |    46 |    57 ||   103
Dodge: Dodged            |    51 |    67 ||   118
